 Dungeon Crawl Stone Soup version 0.26-a0-30-g56b8cd3df0 (webtiles) character file.

Game seed: 1671603411003468284, levelgen mode: deterministic

157 Gwenloh the Grave Robber (level 5, -8/38 HPs)
             Began as a Demonspawn Necromancer on June 1, 2020.
             Mangled by an ogre
             ... wielding a +0 giant club
              (24 damage)
             ... on level 4 of the Dungeon on June 2, 2020.
             The game lasted 00:13:07 (3263 turns).

Gwenloh the Grave Robber (Demonspawn Necromancer)   Turns: 3263, Time: 00:13:08

Health: -8/38      AC:  3    Str:  9    XL:     5   Next: 15%
Magic:  1/8        EV: 13    Int: 17    God:
Gold:   124        SH:  0    Dex: 13    Spells: 4/9 levels left

rFire    . . .     SeeInvis .   a - +3 dagger
rCold    . . .     Gourm    .   (no shield)
rNeg     . . .     Faith    .   q - +0 robe
rPois    .         Spirit   .   (helmet restricted)
rElec    .         Reflect  .   (no cloak)
rCorr    .         Harm     .   e - +0 pair of gloves
MR       .....                  (no boots)
Stlth    ++........             (no amulet)
HPRegen  0.12/turn              (no ring)
MPRegen  0.11/turn              (no ring)

@: no status effects
A: antennae 1, claws 1, talons 1
a: no special abilities


You were on level 4 of the Dungeon.
You were not hungry.

You visited 1 branch of the dungeon, and saw 3 of its levels.

You collected 124 gold pieces.

Inventory:

Hand Weapons
 a - a +3 dagger (weapon)
 b - a +0 hunting sling
Missiles
 h - 71 stones
 l - 12 poisoned darts (quivered)
Armour
 e - a +0 pair of gloves (worn)
 q - a +0 robe (worn)
Scrolls
 m - a scroll of teleportation
 n - a scroll of enchant armour {unknown}
Potions
 d - a potion of heal wounds {unknown}
 f - a potion of might {unknown}
 g - a potion of flight {unknown}
 i - a potion of magic {unknown}
 j - 2 potions of degeneration {unknown}
 k - a potion of brilliance {unknown}
 r - a potion of stabbing {unknown}
 s - 3 potions of resistance {unknown}
Comestibles
 c - 5 rations
 o - a chunk of flesh


   Skills:
 + Level 1.8 Fighting
 + Level 2.5 Dodging
 + Level 2.6 Stealth
 + Level 2.6 Spellcasting
 * Level 5.4 Necromancy


You had 4 spell levels left.
You knew the following spells:

 Your Spells              Type           Power        Failure   Level  Hunger
a - Pain                  Necr           ###.         1%          1    #......
b - Animate Skeleton      Necr           N/A          1%          1    #......
c - Vampiric Draining     Necr           ###.......   6%          3    ###....

Your spell library contained the following spells:

 Spells                   Type           Power        Failure   Level  Hunger
 Animate Dead             Necr           N/A          19%         4    #####..
 Agony                    Necr           ###.....     47%         5    ######.


Dungeon Overview and Level Annotations

Branches:
Dungeon (2/15)

Altars:
Makhleb

Annotations:
D:2 1 runed translucent door, Crazy Yiuf, Robin


Innate Abilities, Weirdness & Mutations

You have a pair of small antennae on your head.
You have sharp fingernails.
You have sharp toenails.


Message History

You feel life coursing into your body. The ogre barely misses you.
Casting: Vampiric Draining (dangerous; 6% risk of failure)
Confirm with . or Enter, or press ? or * to list all spells.
Aiming: Pain (safe; 1% risk of failure)
Press: ? - help, Shift-Dir - straight line, f/p - ogre
Aim: an ogre, wielding a +0 giant club (severely wounded, chance to defeat MR: 80%)
The ogre barely resists.
The ogre barely misses you.
You hit the ogre.
The ogre is almost dead.
The ogre barely misses you.
You barely miss the ogre.
The ogre is almost dead.
You hit the ogre. You claw the ogre, but do no damage.
The ogre is almost dead.
The ogre misses you.
You hit the ogre but do no damage. You claw the ogre, but do no damage.
The ogre is almost dead.
The ogre hits you with a +0 giant club!!
Ouch! That really hurt!
You die...

......#.........#..รท#
......#.........#...#
......#.........#...#
................#...#
................#####
....................
..........##########
..##+#+...# .
+.@O######+
#....(.....
+.....((...
#.......((.
+.......... #...##+###
#####


You could see an ogre.

Vanquished Creatures
  2 centaur skeletons (D:4)
  A howler monkey zombie (D:2)
  4 adders
  An adder skeleton (D:4)
  A worm (D:2)
  2 dart slugs
  2 leopard geckos
  7 bats
  10 goblins
  5 hobgoblins
  A kobold (D:1)
  A quokka (D:2)
  4 frilled lizards
  4 rats (D:1)
45 creatures vanquished.

Notes
Turn   | Place    | Note
-------+----------+-------------------------------------------
     0 | D:1      | Gwenloh the Demonspawn Necromancer began the quest for the
                  | Orb.
     0 | D:1      | Reached XP level 1. HP: 13/13 MP: 3/3
   514 | D:1      | Gained mutation: You have a pair of small antennae on your
                  | head. [demonic ancestry]
   514 | D:1      | Reached XP level 2. HP: 19/20 MP: 1/5
   630 | D:1      | Learned a level 1 spell: Animate Skeleton
  1468 | D:2      | Found a burning altar of Makhleb.
  1506 | D:2      | Gained mutation: You have sharp toenails. [demonic
                  | ancestry]
  1506 | D:2      | Reached XP level 3. HP: 22/25 MP: 1/6
  1649 | D:2      | Learned a level 3 spell: Vampiric Draining
  1771 | D:2      | Reached skill level 1 in Fighting
  1998 | D:2      | Reached skill level 5 in Necromancy
  2382 | D:2      | Gained mutation: You have sharp fingernails. [demonic
                  | ancestry]
  2382 | D:2      | Reached XP level 4. HP: 30/32 MP: 3/7
  2627 | D:2      | Noticed Robin
  2802 | D:2      | Found a runed translucent door.
  2803 | D:2      | Noticed Crazy Yiuf
  2960 | D:2      | You fall into a shaft and drop 2 floors!
  3145 | D:4      | Reached XP level 5. HP: 30/38 MP: 8/8
  3238 | D:4      | Noticed an ogre
  3263 | D:4      | Mangled by an ogre

Illustrated notes

Levels and vault maps discovered:
D:1:      minmay_arrival_up_and_down, layout_basic, minmay_misc_feat_hallway
D:2:      layout_loops_ring, lightli_temple_of_fire, first_ration,
          nrook_loot_triangle, uniq_crazy_yiuf_cottage, uniq_robin
D:4:      layout_basic, kennysheep_mini, serial_shops, shop,
          gammafunk_ghost_necromancy

Skill      XL: |  1  2  3 |
---------------+----------+-----
Stealth        | 2 |  2.6
Dodging        | 2 |  2.5
Fighting       | 1 |  1.8
Necromancy     | 5 |  5.4
Spellcasting   | |  2.6

Action                   |  1- 3 |  4- 6 || total
-------------------------+-------+-------++-------
Melee: Unarmed           |     5 |       ||     5
       Spear             |    28 |     5 ||    33
       Kick              |     5 |     8 ||    13
       Dagger            |       |    12 ||    12
 Fire: Hunting sling     |       |    20 ||    20
Throw: Stone             |     7 |       ||     7
       Dart              |       |     9 ||     9
 Cast: Pain              |    46 |    16 ||    62
       Vampiric Draining |     2 |     3 ||     5
  Use: Scroll            |     1 |     2 ||     3
  Eat: Chunk             |     2 |     3 ||     5
       Ration            |     1 |       ||     1
Armor: Robe              |     3 |     7 ||    10
Dodge: Dodged            |    10 |    34 ||    44

Table legend:
 A = Non-vault XP
 B = Vault XP
 C = Vault XP percentage of total XP
 D = Non-vault monster count
 E = Vault monster count
 F = Vault count percentage of total count
                 A         B        C        D         E       F
            +---------+---------+-------+---------+---------+-------
      Total |     213 |      12 |   5.3 |      38 |       7 |  15.6
            +---------+---------+-------+---------+---------+-------
        D:1 |      32 |       6 |  15.8 |      18 |       4 |  18.2
        D:2 |      80 |       6 |   7.0 |      15 |       3 |  16.7
        D:4 |     101 |       0 |   0.0 |       5 |       0 |   0.0
            +---------+---------+-------+---------+---------+-------
